Cogmind - Beta 15 @@@ ROGUE MODE // 2025.07.13 @ 20:57:51 Player: puppuppit Result: Destroyed by G-47 Trooper with Particle Gun Performance ------------- Evolutions (3) 1500 Regions Visited (8) 1600 Robots Destroyed (226) 1130 Value Destroyed (7142) 7142 Prototype IDs (11) 220 Alien Tech Used (0) 0 Bonus (2977) 2977 TOTAL SCORE: 14569 Bonus ------- High Alert Combat Kills 2429 Follower Combat Kills 348 Entered Garrisons 200 Cogmind --------- Core Integrity 0/700 Matter 85/300 Energy 78/100 System Corruption 7% Temperature Warning (345) Movement Hovering (180) Ox2 Location -7/Factory Parts ------- > --- POWER (1) -------- (None) > --- PROPULSION (4) --- Improved Hover Unit > --- UTILITY (4) ------ Large Storage Unit Target Analyzer > --- WEAPON (4) ------- (None) > --- INVENTORY (15) --- Gravmag System Gravmag System Large Matter Pod (150) High-capacity Matter Pod (200) Recoil Stabilizer Peak State ------------ > --- POWER ------------ Light Ion Engine > --- PROPULSION ------- Gravmag System Gravmag System Gravmag System Gravmag System > --- UTILITY ---------- Large Storage Unit Core Analyzer Core Analyzer Hacking Suite > --- WEAPON ----------- Improved Assault Rifle Improved Assault Rifle Improved Assault Rifle Precision Assault Rifle > --- INVENTORY -------- Improved Heat Sink Coolant Injector Large Matter Pod High-capacity Matter Pod Core Analyzer Recoil Stabilizer Recoil Stabilizer Heavy Assault Rifle Precision Assault Rifle Advanced Assault Cannon Advanced Assault Cannon Advanced Assault Cannon Advanced Assault Cannon Advanced Assault Cannon Gauss Cannon [Rating: 48] Favorites ----------- Power Improved Ion Engine Engine Improved Ion Engine Power Core Light Nuclear Core Propulsion Light Treads Treads Light Treads Hover Unit Gravmag System Utility Large Storage Unit Device Recoil Stabilizer Storage Large Storage Unit Processor Core Analyzer Hackware Hacking Suite Protection Light Armor Plating Weapon Improved Assault Rifle Energy Gun Medium Laser Ballistic Gun Improved Assault Rifle Ballistic Cannon Advanced Assault Cannon Launcher Heavy Rocket Launcher Build | -11 -10 -10 -10 -9 -8 -8 -8 -7 ------- Run | Yrd Mat Min Exi Min Mat Gar Mat Fac Slots Evolved 6 | . . . . . 4 . . 2 Power . | . . . . . . . . . Propulsion 2 | . . . . . 1 . . 1 Utility 2 | . . . . . 1 . . 1 Weapon 2 | . . . . . 2 . . . Parts Attached 104 | 7 6 7 1 5 23 4 26 25 Power 13 | 1 . 1 1 1 3 1 2 3 Engine 10 | 1 . 1 . 1 3 1 1 2 Core 3 | . . . 1 . . . 1 1 Reactor . | . . . . . . . . . Propulsion 29 | 2 . 2 . . 6 1 9 9 Treads 23 | 2 . 2 . . 6 1 9 3 Leg . | . . . . . . . . . Wheel . | . . . . . . . . . Hover 6 | . . . . . . . . 6 Flight . | . . . . . . . . . Utility 23 | 2 4 1 . 1 3 2 5 5 Device 4 | 1 . . . . . 1 2 . Storage 5 | 1 2 . . . 1 . 1 . Processor 4 | . . . . . . . . 4 Hackware 5 | . 1 . . . 2 . 1 1 Protection 5 | . 1 1 . 1 . 1 1 . Artifact . | . . . . . . . . . Weapon 39 | 2 2 3 . 3 11 . 10 8 Energy Gun 1 | 1 . . . . . . . . Energy Cannon . | . . . . . . . . . Ballistic Gun 27 | 1 2 2 . 3 9 . 7 3 Ballistic Cannon 9 | . . . . . 1 . 3 5 Launcher 2 | . . 1 . . 1 . . . Special Weapon . | . . . . . . . . . Impact Weapon . | . . . . . . . . . Slashing Weapon . | . . . . . . . . . Piercing Weapon . | . . . . . . . . . Special Melee Weapon . | . . . . . . . . . Unidentified Prototypes 4 | . . . . . 1 . . 3 Parts Lost 42 | . 1 5 . . 2 1 10 23 Power 4 | . . 1 . . 1 . 1 1 Propulsion 12 | . . 2 . . . . 5 5 Utility 8 | . . 1 . . 1 1 1 4 Weapon 18 | . 1 1 . . . . 3 13 Highest Loss Streak 20 | . 1 2 . . 1 1 6 20 To Critical Strikes 1 | . . . . . . . . 1 Average Backups 13 | . 8 13 14 14 14 14 14 13 Power . | . . . 1 2 1 . . . Propulsion 1 | . 1 3 3 3 2 1 1 1 Utility 4 | . 3 4 4 4 3 4 3 4 Weapon 6 | . 3 4 6 5 7 8 9 7 Tool/Special . | . . . . . . . . . Unused Backups 34 | . 5 . 2 2 11 5 3 6 Power 2 | . . . . . 2 . . . Propulsion 3 | . . . . . 1 . . 2 Utility 17 | . 5 . 1 1 3 2 1 4 Weapon 12 | . . . 1 1 5 3 2 . Tool/Special . | . . . . . . . . . Average Slot Usage (%) 96 | . 99 91 72 98 99 99 96 91 Engine 8 | . 14 6 . 2 8 9 7 5 Core 1 | . . . 13 12 . . . 1 Treads 25 | . 27 27 28 28 26 27 25 12 Hover 1 | . . . . . . . . 11 Device 2 | . 2 . . . . 1 7 1 Storage 10 | . 14 14 14 14 9 9 9 7 Processor 2 | . . . . . . . . 18 Hackware 6 | . 2 . . . 13 15 7 . Protection 5 | . 8 14 14 14 4 . 2 . Ballistic Gun 29 | . 27 27 1 25 35 28 34 28 Ballistic Cannon 1 | . . . . . . 7 . . Peak Build Rating 48 | 9 10 9 11 15 29 31 29 48 Average Rating 21 | 6 8 8 9 13 25 28 27 41 On Entrance 15 | . 9 8 9 10 15 27 29 29 Naked Turns . | . . . . . . . . . Heaviest Build 49 | 15 30 30 28 39 47 44 49 44 Greatest Support 64 | 40 40 40 40 40 60 60 60 64 Greatest Overweight (x) 11 | 1 . . . . 1 . 11 8 Average Overweight (x) . | . . . . . . . . . Largest Inventory Capacity 15 | 8 15 15 15 15 15 15 15 15 Average Capacity 14 | 7 14 15 15 15 15 15 15 15 Most Carried 15 | 2 13 15 15 15 15 15 15 15 Average Carried 13 | . 8 13 14 14 14 14 14 13 Final Capacity 15 | 8 15 15 15 15 15 15 15 15 Final Carried 15 | 2 11 14 15 15 15 15 15 13 Class Distribution -------------------- 37% | Mutant 15% | Hacker-Gunner 14% | Scavenger-Tank 12% | Gunner 10% | Scavenger-Gunner 7% | Commander-Gunner Dominant Class ---------------- Mutant | -10/Materials Mutant | -10/Mines Mutant | -10/Exiles Mutant | -9/Mines Scavenger-Tank | -8/Materials Hacker-Gunner | -8/Garrison Scavenger-Tank | -8/Materials Gunner | -7/Factory Resources | -11 -10 -10 -10 -9 -8 -8 -8 -7 ----------- Run | Yrd Mat Min Exi Min Mat Gar Mat Fac Matter Collected 6183 | 268 1120 170 20 106 1406 61 1908 1124 Remotely . | . . . . . . . . . Salvage Created 8451 | 126 1089 252 . 96 2061 91 2596 2140 Parts 482 | 13 89 10 . 3 114 1 139 113 Haulers Intercepted 12 | . 2 . . . 5 . 3 2 Recyclers Shooed 8 | . 1 2 . 1 . . 2 2 Parts Field Recycled . | . . . . . . . . . Retrieved Matter . | . . . . . . . . . Parts Self-Destructed . | . . . . . . . . . Prevented . | . . . . . . . . . Kills | -11 -10 -10 -10 -9 -8 -8 -8 -7 ------- Run | Yrd Mat Min Exi Min Mat Gar Mat Fac Combat Hostiles Destroyed 130 | . 19 10 . . 28 . 46 27 Melee 1 | . 1 . . . . . . . Guns 101 | . 18 7 . . 22 . 31 23 Cannons 6 | . . . . . . . 2 4 AOE 22 | . . 3 . . 6 . 13 . Classes Destroyed 18 | 3 7 1 . . 4 . 1 2 Worker 27 | 2 6 . . . 10 . 7 2 Builder 13 | . 6 . . . 1 . 3 3 Tunneler 7 | 2 2 . . . . . 2 1 Hauler 12 | . 2 . . . 5 . 3 2 Recycler 18 | 1 1 1 . 1 4 . 4 6 Mechanic 4 | . 1 . . . . . 3 . Operator 6 | . 4 . . . 1 . 1 . Watcher 12 | . 2 . . . 4 . 3 3 Swarmer 21 | . 9 6 . . 1 . 2 3 Grunt 66 | . 10 1 . . 18 . 26 11 Brawler 3 | . . . . . . . 2 1 Duelist 10 | . . . . . 1 . 7 2 Protector 4 | . . . . . 1 . 3 . Sentry 13 | . . . . . 6 . 5 2 Specialist 2 | . . . . . . . . 2 Hunter 3 | . . . . . 1 . 1 1 Programmer 5 | . . . . . . . . 5 Assembled 3 | . . 3 . . . . . . Best Kill Streak 27 | 5 6 3 . 1 9 . 27 11 Combat Bots Only 18 | . 6 3 . . 5 . 18 7 Max Kills in Single Turn 5 | 1 2 1 . 1 4 . 5 2 Gunslinging 1 | . . . . . . . 1 1 Exploded 4 | . . 1 . . 2 . 4 . Melee 1 | . 1 . . . . . . . Uniques/NPCs Destroyed . | . . . . . . . . . Combat | -11 -10 -10 -10 -9 -8 -8 -8 -7 -------- Run | Yrd Mat Min Exi Min Mat Gar Mat Fac Hostile Shots Fired 755 | . 102 56 . . 97 . 169 331 Missed 205 | . 19 17 . . 28 . 50 91 Hits 550 | . 83 39 . . 69 . 119 240 Melee 27 | . . 9 . . . . 16 2 Projectile 523 | . 83 30 . . 69 . 103 238 AOE 1 | . . . . . . . . 1 Critical Strikes 22 | . 1 1 . . 1 . 12 7 Part Disruptions 1 | . . . . . . . . 1 Damage Taken 8430 | . 786 559 . . 1218 . 2217 3650 Core 1446 | . 147 99 . . 188 . 302 710 Absorbed by Shields . | . . . . . . . . . Regen/Repaired (Parts) 293 | . 230 . . . . . . 63 Core Remaining (%) 37 | 100 . . . 1 . . 10 . Volleys Fired 487 | 18 139 39 . 8 87 14 102 80 Largest 4 | 2 2 2 . 2 4 3 4 4 Hottest 160 | 70 40 40 . 70 108 69 108 160 Shots Fired 1433 | 36 276 76 . 16 334 18 372 305 Gun 1368 | 36 276 73 . 16 324 7 355 281 Cannon 49 | . . . . . 4 11 10 24 Launcher 16 | . . 3 . . 6 . 7 . Special . | . . . . . . . . . Kinetic 1395 | 18 276 73 . 12 328 18 365 305 Thermal 22 | 18 . . . 4 . . . . Explosive 16 | . . 3 . . 6 . 7 . Electromagnetic . | . . . . . . . . . Robot Hit Streak 20 | 9 9 20 . 4 13 5 18 14 Robot Miss Streak 7 | 6 7 3 . 2 5 1 3 7 Penetration Max . | . . . . . . . . . Secondary Targets 20 | . 3 . . . . . 12 5 Max Gunslinging Chain 1 | . 1 . . . . . 1 1 Shots Hit Robots 907 | 20 180 52 . 11 190 5 244 205 Core Hits 464 | 6 80 24 . 2 108 1 153 90 Critical Kills 4 | . 1 . . . . . 1 2 Critical Parts Destroyed 12 | . . . . . 2 . 1 9 Critical Strikes 18 | 1 1 . . . 2 . 2 12 Burn 1 | 1 . . . . . . . . Destroy 16 | . 1 . . . 2 . 2 11 Blast 1 | . . . . . . . . 1 Melee Attacks . | . . . . . . . . . Impact . | . . . . . . . . . Slashing . | . . . . . . . . . Piercing . | . . . . . . . . . Sneak Attacks . | . . . . . . . . . Combat Hostiles . | . . . . . . . . . Follow-up Attacks . | . . . . . . . . . Damage Inflicted 15846 | 258 1610 598 . 128 3723 83 5617 3829 Guns 12456 | 258 1601 423 . 128 2854 83 3652 3457 Cannons 524 | . . . . . . . 152 372 Explosions 2856 | . . 175 . . 868 . 1813 . Melee . | . . . . . . . . . Ramming 10 | . 9 . . . 1 . . . Kinetic 12829 | 133 1601 423 . 102 2854 83 3804 3829 Thermal 151 | 125 . . . 26 . . . . Explosive 2829 | . . 175 . . 868 . 1786 . Electromagnetic 27 | . . . . . . . 27 . Impact . | . . . . . . . . . Slashing . | . . . . . . . . . Piercing . | . . . . . . . . . Highest Corruption 7 | . . 1 1 1 . . 3 7 Average Corruption 1 | . . 1 1 1 . . 2 3 Corruption Purged . | . . . . . . . . . Corruption Blocked . | . . . . . . . . . Effects 39 | . . 7 1 4 . . 11 16 Message Errors 7 | . . 2 . . . . 1 4 Matter Fused 10 | . . 2 . 1 . . 1 6 Heat Flow Errors 5 | . . . . 1 . . 3 1 Energy Discharges 7 | . . . 1 1 . . 3 2 Data Loss (minor) 3 | . . 1 . 1 . . . 1 Data Loss (major) 2 | . . . . . . . 2 . Misfires 3 | . . 1 . . . . 1 1 Alerts 2 | . . 1 . . . . . 1 Overload Shots . | . . . . . . . . . Overflow Damage 34 | . . 3 . . 30 . 1 . Projectiles 1 | . . . . . . . 1 . Explosions 33 | . . 3 . . 30 . . . Melee . | . . . . . . . . . Knockbacks 8 | . . . . . . . 3 5 Impact . | . . . . . . . . . Kinetic 8 | . . . . . . . 3 5 Secondary . | . . . . . . . . . Self-Inflicted Damage 82 | . . . . . 79 . 3 . Shots 3 | . . . . . 2 . 1 . Rammed 6 | . 3 . . . 3 . . . Targets Rammed 7 | . 4 . . . 3 . . . Kicked . | . . . . . . . . . Crushed 1 | . 1 . . . . . . . Highest Temperature 434 | 81 31 49 . 157 148 . 434 432 Average Temperature 54 | 41 8 11 . 52 38 . 90 64 Received Heat Transfer 2499 | . 210 102 . . 495 . 873 819 Effects 14 | . . . . . . . 9 5 Shutdowns 2 | . . . . . . . 2 . Interference 6 | . . . . . . . 3 3 Short Circuit 2 | . . . . . . . 1 1 Damage (minor) 2 | . . . . . . . 1 1 Damage (major) 2 | . . . . . . . 2 . Siege Activations . | . . . . . . . . . Martial Activations . | . . . . . . . . . Shielding Activations . | . . . . . . . . . Robots Disrupted . | . . . . . . . . . Combat Hostiles . | . . . . . . . . . Robots Corrupted . | . . . . . . . . . Combat Hostiles . | . . . . . . . . . Parts Fried . | . . . . . . . . . Impact Corruptions . | . . . . . . . . . Robots Melted . | . . . . . . . . . Combat Hostiles . | . . . . . . . . . Parts Melted 2 | . . . . . 1 . 1 . Heat Transferred 518 | 444 . . . 74 . . . . Parts Sabotaged . | . . . . . . . . . Parts Stolen . | . . . . . . . . . Parts Stripped . | . . . . . . . . . Power Chain Reactions . | . . . . . . . . . Alert | -11 -10 -10 -10 -9 -8 -8 -8 -7 ------- Run | Yrd Mat Min Exi Min Mat Gar Mat Fac Maximum Alert Level 5 | . . . . . 2 4 5 4 Low Security (%) 45 | 100 100 100 . 100 48 . . . Level 1 4 | . . . . . 20 1 . . Level 2 13 | . . . . . 30 40 2 . Level 3 22 | . . . . . . 32 40 94 Level 4 5 | . . . . . . 24 5 5 Level 5 9 | . . . . . . . 51 . High Security . | . . . . . . . . . Max Security . | . . . . . . . . . Sterilizations 1 | . . . . . . . 1 . Peak Influence 1916 | 10 162 93 . 71 605 1402 1916 1148 Initial 842 | . . 56 . . . 382 683 842 Average 534 | 1 79 25 . 13 247 823 1367 871 Influence Increases 6032 | 25 683 252 . 106 1096 1030 1919 921 Destroy 0b10 Robot/C 2740 | . 380 160 . 80 580 . 1000 540 Destroy 0b10 Robot/NC 540 | 25 120 5 . 5 135 5 160 85 Destroy Leader 614 | . 98 30 . 10 150 . 206 120 Allied During Kill 188 | . . 8 . 11 10 . 159 . Successful Hack 128 | . 25 6 . . 45 45 3 4 Select Force Hacks 90 | . 60 . . . . . 30 . Disable Machine 240 | . . . . . 120 15 75 30 Anti-Garrison Action 1100 | . . . . . . 950 150 . Destroy Structure 197 | . . 13 . . 56 15 106 7 Partial Spotted 15 | . . . . . . . . 15 Lose Combat Pursuer 180 | . . 30 . . . . 30 120 Influence Decreases 4939 | 25 537 387 11 106 508 216 1470 1679 Entered New Map 2035 | . . 90 11 . . 206 719 1009 Time Decay 2358 | 25 527 261 . 86 448 . 571 440 Lost Part 406 | . 10 36 . . 20 10 100 230 Lost Ally 140 | . . . . 20 40 . 80 . Squads Dispatched 29 | . 6 . . 1 5 . 12 5 Investigation 7 | . 2 . . 1 1 . 2 1 Extermination 1 | . . . . . . . . 1 Reinforcement 9 | . 4 . . . 3 . 2 . Assault 10 | . . . . . 1 . 6 3 Garrison 2 | . . . . . . . 2 . Intercept . | . . . . . . . . . Searches Triggered . | . . . . . . . . . Construction Impeded 1 | . . . . . 1 . . . Haulers Reinforced . | . . . . . . . . . Active Scanning Responses . | . . . . . . . . . Cargo Convoy Interrupts 1 | . . . . . . . . 1 Stealth | -11 -10 -10 -10 -9 -8 -8 -8 -7 --------- Run | Yrd Mat Min Exi Min Mat Gar Mat Fac Distress Signals 9 | . 1 . . . 4 . 3 1 Communications Jammed . | . . . . . . . . . Distress Signals . | . . . . . . . . . Times Spotted 231 | . 36 24 . 3 45 . 66 57 Peak Tracking Total 14 | . 6 12 . 3 5 . 10 14 Tactical Retreats 10 | . . 3 . . . . 2 5 Traps | -11 -10 -10 -10 -9 -8 -8 -8 -7 ------- Run | Yrd Mat Min Exi Min Mat Gar Mat Fac Traps Triggered 9 | . . . . . . 5 3 1 Indirectly . | . . . . . . . . . Trap Hack Attempts . | . . . . . . . . . Triggered . | . . . . . . . . . Disarmed . | . . . . . . . . . Reprogrammed . | . . . . . . . . . Reused . | . . . . . . . . . Traps Extracted . | . . . . . . . . . Installed . | . . . . . . . . . Triggered . | . . . . . . . . . Machines | -11 -10 -10 -10 -9 -8 -8 -8 -7 ---------- Run | Yrd Mat Min Exi Min Mat Gar Mat Fac Machines Disabled 22 | . . . . . 8 6 6 2 Max in Single Turn 3 | . . . . . 3 1 1 1 Garrison Access 1 | . . . . . . . 1 . Garrison Relay 5 | . . . . . . 5 . . Machines Repaired . | . . . . . . . . . Machines Dismantled . | . . . . . . . . . Machines Sabotaged . | . . . . . . . . . Overloaded Fab Kills . | . . . . . . . . . Hacking | -11 -10 -10 -10 -9 -8 -8 -8 -7 --------- Run | Yrd Mat Min Exi Min Mat Gar Mat Fac Machines Accessed 33 | . 9 1 1 1 9 4 5 3 Terminals 21 | . 6 1 . . 6 4 3 1 Fabricators . | . . . . . . . . . Repair Stations 3 | . 1 . . . . . . 2 Recycling Units 4 | . 2 . . . 1 . 1 . Scanalyzers 2 | . . . . . 1 . 1 . Garrison Access 1 | . . . . . 1 . . . Total Hacks 111 | . 34 3 1 1 31 11 17 13 Successful 71 | . 21 1 1 1 24 5 12 6 Failed 38 | . 12 2 . . 6 6 5 7 Catastrophic 2 | . . . . . . 1 . 1 Database Lockouts 2 | . 1 . . . 1 . . . Manual 70 | . 23 3 . . 18 6 9 11 Terminals 68 | . 19 3 . . 20 11 6 9 Fabricators . | . . . . . . . . . Repair Stations 13 | . 9 . . . . . . 4 Recycling Units 12 | . 6 . . . 4 . 2 . Scanalyzers 15 | . . . . . 6 . 9 . Garrison Access 1 | . . . . . 1 . . . Terminal Hacks 19 | . 5 1 1 1 3 5 . 3 Record 1 | . . . 1 . . . . . Robot Analysis 5 | . 2 1 . . 1 . . 1 Prototype ID Bank 4 | . 2 . . . 2 . . . Open Door 2 | . . . . 1 . 1 . . Emergency Access Points 1 | . . . . . . 1 . . Terminal Index 2 | . 1 . . . . . . 1 Alert Level 1 | . . . . . . . . 1 Garrison Registry 1 | . . . . . . 1 . . Patrol Navigation 1 | . . . . . . 1 . . Security Stations 1 | . . . . . . 1 . . Fabricator Hacks . | . . . . . . . . . Repair Station Hacks 6 | . 6 . . . . . . . Scan Component 3 | . 3 . . . . . . . Repair 3 | . 3 . . . . . . . Recycling Unit Hacks 1 | . . . . . 1 . . . Retrieve Components 1 | . . . . . 1 . . . Scanalyzer 14 | . . . . . 6 . 8 . Insert Component 7 | . . . . . 3 . 4 . Analyze 7 | . . . . . 3 . 4 . Garrison Access Hacks 1 | . . . . . 1 . . . Unlock Access 1 | . . . . . 1 . . . Unauthorized Hacks 30 | . 10 . . . 13 . 4 3 Terminals 22 | . 8 . . . 10 . 2 2 Botnet 9 | . 4 . . . 4 . . 1 Skim 13 | . 4 . . . 6 . 2 1 Fabricators . | . . . . . . . . . Repair Stations 1 | . . . . . . . . 1 Patch 1 | . . . . . . . . 1 Recycling Units 6 | . 2 . . . 3 . 1 . Reject 2 | . . . . . 1 . 1 . Recyclers 1 | . . . . . 1 . . . Mask 1 | . . . . . 1 . . . Tunnel 2 | . 2 . . . . . . . Scanalyzers 1 | . . . . . . . 1 . Extract 1 | . . . . . . . 1 . Garrison Access . | . . . . . . . . . Data Cores Recovered . | . . . . . . . . . Used . | . . . . . . . . . Hacking Detections 26 | . 7 1 . . 7 3 5 3 Full Trace Events 3 | . . . . . 1 2 . . Feedback Events 1 | . . . . . . 1 . . Hackware Fried 1 | . . . . . . 1 . . Feedback Blocked . | . . . . . . . . . Robot Schematics Acquired . | . . . . . . . . . Robots Built . | . . . . . . . . . Authchips . | . . . . . . . . . Time . | . . . . . . . . . Total Robot Build Rating . | . . . . . . . . . Part Schematics Acquired 8 | . . . . . 3 . 5 . Parts Built . | . . . . . . . . . Authchips . | . . . . . . . . . Time . | . . . . . . . . . Total Part Build Rating . | . . . . . . . . . Parts Repaired 3 | . 3 . . . . . . . Time 78 | . 78 . . . . . . . Parts Recycled . | . . . . . . . . . Recycled Matter . | . . . . . . . . . Retrieved Matter . | . . . . . . . . . Retrieved Components 9 | . . . . . 9 . . . Parts Scanalyzed 7 | . . . . . 3 . 4 . Part Schematics Acquired 7 | . . . . . 3 . 4 . Parts Damaged . | . . . . . . . . . Bothacking | -11 -10 -10 -10 -9 -8 -8 -8 -7 ------------ Run | Yrd Mat Min Exi Min Mat Gar Mat Fac Used RIF Installer . | . . . . . . . . . Robots Hacked . | . . . . . . . . . Non-combat . | . . . . . . . . . Combat . | . . . . . . . . . Robot Hacks Applied . | . . . . . . . . . Relay Couplers Released 21 | . . . . . . 21 . . Machine Destruction 21 | . . . . . . 21 . . Fabnet Peak Effective % . | . . . . . . . . . Robots Rewired 5 | . . . . . . 5 . . Allies Hacked . | . . . . . . . . . Hacks Repelled . | . . . . . . . . . Allies | -11 -10 -10 -10 -9 -8 -8 -8 -7 -------- Run | Yrd Mat Min Exi Min Mat Gar Mat Fac Total Allies 9 | . . 3 . . . 6 . . Largest Group 6 | . . 3 3 3 2 6 6 . Highest-Rated Group 95 | . . 40 40 40 24 95 95 . Highest-Rated Ally 39 | . . 16 16 16 16 39 39 . Initial Warlord ECA Mod 17 | . . . . . . . 9 8 Total Orders . | . . . . . . . . . Ally Attacks 115 | . . 2 . 15 18 . 80 . Total Damage 1411 | . . 13 . 122 147 . 1129 . Kills 20 | . . 1 . 4 3 . 12 . Allies Corrupted . | . . . . . . . . . Allies Melted . | . . . . . . . . . Intel | -11 -10 -10 -10 -9 -8 -8 -8 -7 ------- Run | Yrd Mat Min Exi Min Mat Gar Mat Fac Active Infowar (turns) 417 | 53 364 . . . . . . . Terrain 417 | 53 364 . . . . . . . Robot Analysis Total 5 | . 2 1 . . 1 . . 1 Derelict Logs Recovered 3 | . . 2 . 1 . . . . Drone Launches . | . . . . . . . . . Drone Recoveries . | . . . . . . . . . Exploration | -11 -10 -10 -10 -9 -8 -8 -8 -7 ------------- Run | Yrd Mat Min Exi Min Mat Gar Mat Fac Turns Passed 10184 | 137 1765 1045 430 474 2035 1468 1735 1095 Spaces Moved 5499 | 49 786 574 266 270 1010 857 801 886 Core 9 | 7 . . . . . . 1 1 Treads 4905 | 42 786 574 266 270 1010 857 800 300 Legs . | . . . . . . . . . Wheels . | . . . . . . . . . Hover 585 | . . . . . . . . 585 Flight . | . . . . . . . . . Fastest Speed 48 | 50 160 160 160 160 160 160 160 48 Average Speed 147 | 145 160 160 160 160 161 160 161 82 Slowest Speed 600 | 160 160 160 160 160 240 160 600 450 Overloaded Moves . | . . . . . . . . . Propulsion Burnouts . | . . . . . . . . . Robots Hopped . | . . . . . . . . . Potential Cave-ins . | . . . . . . . . . Cave-ins Triggered . | . . . . . . . . . Exploration Rate (%) 62 | 4 92 95 60 61 69 95 65 18 Regions Visited 8 Branch Regions 3 Pre-discovered Areas 4 | . 2 1 1 . . . . . Known Exits Taken 2 | . . . . . 1 . 1 . Unknown Exits Taken 5 | 1 1 1 1 1 . . . . Scrap Searched 1 | . . 1 . . . . . . Spaces Dug 9 | . . 8 . . 1 . . . Terrain Destroyed 152 | . . 23 . . 49 . 76 4 Melee . | . . . . . . . . . Projectile 11 | . . . . . 3 . 4 4 AOE 141 | . . 23 . . 46 . 72 . Terrain Rammed . | . . . . . . . . . Walls Destroyed . | . . . . . . . . . Machines Disabled . | . . . . . . . . . Actions | -11 -10 -10 -10 -9 -8 -8 -8 -7 --------- Run | Yrd Mat Min Exi Min Mat Gar Mat Fac Total 6580 | 75 1066 639 276 304 1226 941 999 1054 Wait 206 | . 102 13 . . 38 3 18 32 Move 5492 | 48 785 573 265 269 1010 856 800 886 Hop . | . . . . . . . . . Pick Up 87 | 2 15 7 3 8 21 7 14 10 Fast Attach 35 | 7 5 1 . 1 4 2 9 6 Attach 37 | . 2 4 1 2 4 . 9 15 Detach 14 | . 3 . 3 1 . . 3 4 Swap 77 | . 3 2 . 5 27 3 27 10 Drop 93 | . 8 . 4 10 32 11 17 11 Fire 487 | 18 139 39 . 8 87 14 102 80 Melee . | . . . . . . . . . Ram . | . . . . . . . . . Kick . | . . . . . . . . . Crush 7 | . 4 . . . 3 . . . Escape Stasis . | . . . . . . . . . Rewire 45 | . . . . . . 45 . . Trap . | . . . . . . . . . Miscellaneous . | . . . . . . . . . Route ------- -11/Scrapyard -10/Materials (discovered 5 exits: [*Mat x3] / *Min x2) -10/Mines (discovered 3 exits: [*Mat x2] / *Exi) -10/Exiles -9/Mines -8/Materials (discovered 4 exits: *Fac x3 / Gar) -8/Garrison (discovered 3 exits: *Mat x3) -8/Materials (discovered 2 exits: *Fac x2) -7/Factory (discovered 3 exits: Fac x2 / [*Low]) History --------- Turn | Location | Event 10 | -11/Scrapyard | Discovered new exit (range 15) 138 | -11/Scrapyard | Entered Materials 138 | -10/Materials | Discovered new exit (range 8) 268 | -10/Materials | Discovered new exit (range 16) 318 | -10/Materials | Build established: Mutant 442 | -10/Materials | Repaired Lgt. Treads 470 | -10/Materials | Repaired Lgt. Treads 664 | -10/Materials | Discovered new exit (range 16) 952 | -10/Materials | Central database locked down 1174 | -10/Materials | Discovered new exit (range 6) 1354 | -10/Materials | Discovered new exit (range 16) 1603 | -10/Materials | Repaired Lgt. Armor Plating 1711 | -10/Materials | Core integrity fell below 50% 1903 | -10/Materials | Entered Mines 1919 | -10/Mines | Assembled infested the area 1924 | -10/Mines | Met a Derelict bent on vengeance 2236 | -10/Mines | A weapon hastily lodged in a ceiling crevice suddenly fell to the ground 2287 | -10/Mines | Learned Materials trap positions 2377 | -10/Mines | Core integrity fell below 20% 2463 | -10/Mines | Discovered new exit (range 5) 2523 | -10/Mines | Learned location of Storage (-7) 2525 | -10/Mines | Discovered new exit (range 6) 2808 | -10/Mines | Learned Materials interactive machine intel 2822 | -10/Mines | Assisted by bots powering up and referring to "LRC-V3" 2940 | -10/Mines | Deemed a non-threat by the Exiles lab entrance 2940 | -10/Mines | Discovered new exit (range 5) 2948 | -10/Mines | Entered Exiles 2948 | -10/Exiles | Accompanied by 3 allies 2994 | -10/Exiles | Met 8R-AWN 3018 | -10/Exiles | Met EX-HEX 3112 | -10/Exiles | Met EX-DEC 3144 | -10/Exiles | Learned location of Zion (-6) 3279 | -10/Exiles | Met EX-BIN 3357 | -10/Exiles | Discovered new exit (range 12) 3378 | -10/Exiles | Entered Mines 3378 | -9/Mines | Accompanied by 3 allies 3546 | -9/Mines | Learned 2 Materials zone layouts 3560 | -9/Mines | Received a Rocket Launcher from a helpful Derelict 3761 | -9/Mines | Met a Derelict shopkeep closing up shop 3839 | -9/Mines | Discovered new exit (range 7) 3852 | -9/Mines | Entered Materials 3852 | -8/Materials | Accompanied by 2 allies 3852 | -8/Materials | Evolved 4 slots: Propulsion x1, Utility x1, Weapon x2 3854 | -8/Materials | Loaded intel: 14 trap records 3855 | -8/Materials | Loaded intel: 19 interactive machine locations 4164 | -8/Materials | Build established: Scavenger-Tank 4737 | -8/Materials | Central database locked down 4960 | -8/Materials | Discovered new exit (range 8) 5051 | -8/Materials | Learned location of 1 exit from Extension 5165 | -8/Materials | Learned location of 1 exit from Lower Caves 5209 | -8/Materials | Learned Factory emergency access door positions 5214 | -8/Materials | Build established: Hacker-Gunner 5245 | -8/Materials | Learned location of 2 exits from Factory 5270 | -8/Materials | Learned location of 1 exit from Extension 5287 | -8/Materials | Learned 4 Factory zone layouts 5315 | -8/Materials | Learned location of 1 exit from Extension 5407 | -8/Materials | Identified exit to Factory 5452 | -8/Materials | First assault squad dispatched 5666 | -8/Materials | Build established: Scavenger-Gunner 5887 | -8/Materials | Identified exit to Garrison 5887 | -8/Materials | Entered Garrison 5887 | -8/Garrison | Discovered recently destroyed garrison 5975 | -8/Garrison | Discovered new exit (range 14) 6102 | -8/Garrison | Garrison Relay disabled 6293 | -8/Garrison | Build established: Hacker-Gunner 6326 | -8/Garrison | Rescued a captive Derelict 6388 | -8/Garrison | Garrison Relay disabled 6555 | -8/Garrison | Discovered new exit (range 12) 6662 | -8/Garrison | Found Hvy. Reflective Plating 6878 | -8/Garrison | Garrison Relay disabled 6904 | -8/Garrison | Garrison Relay disabled 6946 | -8/Garrison | Discovered new exit (range 11) 6990 | -8/Garrison | Learned Materials security intel 6990 | -8/Garrison | Hacking Suite fried by hacking feedback 7192 | -8/Garrison | Garrison Relay disabled 7214 | -8/Garrison | Discovered new exit (range 95) 7214 | -8/Garrison | Discovered new exit (range 57) 7214 | -8/Garrison | Discovered new exit (range 51) 7355 | -8/Garrison | Entered Materials 7355 | -8/Materials | Accompanied by 6 allies 7430 | -8/Materials | Build established: Commander-Gunner 7713 | -8/Materials | Discovered exit to Factory (range 7) 7983 | -8/Materials | Garrison activated, responded to threat 8155 | -8/Materials | First assault squad dispatched 8197 | -8/Materials | Core integrity fell below 50% 8229 | -8/Materials | Destroyed 18 combat bots 8239 | -8/Materials | Lost 6 parts (1p3n2w) 8487 | -8/Materials | Build established: Scavenger-Tank 8623 | -8/Materials | Core integrity fell below 20% 8712 | -8/Materials | Destroyed 10 combat bots 8723 | -8/Materials | Sterilization system engaged 8723 | -8/Materials | Non-combat units ordered to evacuate 8823 | -8/Materials | Combat units ordered to evacuate 8958 | -8/Materials | Build established: Scavenger-Gunner 9023 | -8/Materials | Ambient heat levels rising (+10) 9055 | -8/Materials | Discovered exit to Factory (range 16) 9090 | -8/Materials | Entered Factory 9090 | -7/Factory | Evolved 2 slots: Propulsion x1, Utility x1 9091 | -7/Factory | Identified exit to Factory 9135 | -7/Factory | Discovered new exit (range 3) 9405 | -7/Factory | Build established: Gunner 9890 | -7/Factory | First assault squad dispatched 10099 | -7/Factory | Cargo convoy interrupted 10168 | -7/Factory | Core integrity fell below 50% 10180 | -7/Factory | Core integrity fell below 20% 10185 | -7/Factory | Destroyed by G-47 Trooper with Particle Gun Last Messages --------------- 10177_ K-01 Serf collects debris. 10177_ U-05 Engineer lays Concrete. 10177_ K-01 Serf collects debris. 10178_ Matter Pump disabled. 10178_ U-05 Engineer lays Concrete. 10178_ K-01 Serf collects debris. 10179_ U-05 Engineer lays Concrete. 10179_ R-06 Scavenger collects Lgt. Angular Momentum Engine. 10180_ Acquired 80 matter. 10180_ U-05 Engineer lays Concrete. 10181_ K-01 Serf cleans the Nuclear Reactor. 10182_ K-01 Serf collects debris. 10182_ Critical hit (Burn: +37). 10182_ Penetrated by Slug. 10183_ K-01 Serf collects debris. 10183_ U-05 Engineer lays Concrete. 10184_ Adv. Assault Cannon destroyed. 10184_ Broken Core Analyzer destroyed. 10185_ K-01 Serf collects debris. Map ----- +----------------------------------------------------+ | ?????????????????????????????????????????????????? | | ?????????????????????????????????????????????????? | | ?????????????????????????????????????????????????? | | ?????????????????????????????????????????????????? | | ?????????????????????????????????????????????????? | | ?????????????????????????????????????????????????? | | ?????????????????????????????????????????????????? | | ?????????????????????????????????????????????????? | | ??????????????????????????????? "???????????????? | | ??????????????????????????????? ???????????????? | | ??????????????????????????????? "?? ??????????? | | ???????????+??????????????????? """ ??? ??? ??? | | ??????????????????????????????# """ ??? ??? ??? | | ?????????????????????????#####; ??? ?? ??? | | ?????????????????????????? """ "?? "?? ??" | | ??????????????????????????# %"" "?" """ "?" | | ???????????????????????##?# """ """ """ "?" | | ????????????????####??##;?#i | | ????????????????# ## """ """*""" """ | | ????????????????# """ ## = """ """%""" """ | | ????????????????# """ ## =%* """ """%""" """ | | ????????????????# """ ! %!= | | ????????????????# k = !//%"" =!""" """ | | ????????????????# u [%= =] ]""" r """ """ " | | ????????????????# !!%g! /]!"%% """ """ T | | ????????????????# =@k*%k*!% != " | | ????????????????# = ! !=[ %i!%! = | | ????????????????#!! %! ! h % !%== | | ??????????? |%/x% * * ;##########+## | | ??????????########! % # ????? | | ????????????????# k +% ???? | | ???????########## #### ?? | | ???????# # #???? | | ???????# # g #??? """ """ """ | | ???????# + #??# """ """ """ | | ???????# """ # g #???? """ """ """ | | ???????# """ # gg #????? | | ???????# """ # i #####+####?????##???##+##? | | ???????# "" # % #?? ?????????????????? | | ???????? "" # % # ???????????????? | | ???????# # % #= #??????????????? | | ???????# # # #??????????????? | | ???????? # !%########+##?????+????????? | | ?????????######## ==# ! ?????????????????? | | ????????????????# # !??????????????????? | | ????????????????#! # ??????????????????? | | ????????????????#%* *# ??????+???????????? | | ??????? ???#= %# """"??????????????????? | | ?????? ### ! # """" ?????????????????? | | ?????? ^ # """" ?????????????????? | +----------------------------------------------------+ Best States ------------- Heat Dissipation 48 Energy Generation 17 Energy Capacity 300 Matter Stores 300 Matter Capacity 300 Sight Range 16 Terrain Scan Range 16 Terrain Scan Density 10 Armor Coverage 225 Core Shielding 30 Evasion (%) 55 Targeting Accuracy 5 Target Analysis 5 Core Analysis 9 Recoil Reduction 7 Offensive Hacking 20 Item Schematics ----------------- Cmb. Airjet | -8/Materials | Scanalyzed Lgt. Fission Core | -8/Materials | Scanalyzed Gauss Cannon | -8/Materials | Scanalyzed Adv. Assault Cannon | -8/Materials | Scanalyzed Recoil Stabilizer | -8/Materials | Scanalyzed Hvy. Rocket Launcher | -8/Materials | Scanalyzed Imp. Assault Rifle | -8/Materials | Scanalyzed Trap Scanner | -8/Materials | Extracted Robot Schematics ------------------ None Fabricated ------------ Nothing Repaired ---------- Lgt. Treads | 12% | -10/Materials Lgt. Treads | 32% | -10/Materials Lgt. Armor Plating | 86% | -10/Materials Alien Tech Used ----------------- None Achievements -------------- None Challenges ------------ None Game ------ Seed PlexusChainProcessor Manual? 0 Play Time 01:00:51 Cumulative 426.7 hours Start 2025.07.13 @ 19:58:37 End 2025.07.13 @ 20:57:51 Sessions 1 Manual Loads 0 Difficulty Rogue Special Mode None Game No. 244 Rogue 244 Adventurer 0 Explorer 0 Win Type - Total 4 Types 2/0/1/1/0/0/0/0/0/0 Lore% 85 Gallery% 74 Achievement% 67 Wizard Run 0 Options --------- Layout 2 ASCII 0 Keyboard 1 Movement Vi Keybinds 0 Fullscreen 1 Font 16/Tamsyn Map View 55x47 Zoom Use 0% Tactical HUD 1 Map Filters NONE Filters NONE Steam 0 RUN: 528c56f4-4a82-4367-86d1-749e2a51138e